Map: Last Remnant

Players

Tinfoil

  • Race: Zerg Zerg
  • League: Diamond
  • Spawn Location: 12:00

ShinySalt

  • Race: Protoss Protoss
  • League: Diamond
  • Spawn Location: 1:00

XADOSX

  • Race: Zerg Zerg
  • Spawn Location: 12:00

KingZoot

  • Race: Zerg Zerg
  • Spawn Location: 3:00

morgana

  • Race: Terran Terran
  • Spawn Location: 6:00

Omnikinred

  • Race: Zerg Zerg
  • Spawn Location: 9:00

JaySlays

  • Race: Protoss Protoss
  • Spawn Location: 7:00

Wolf

  • Race: Protoss Protoss
  • League: Diamond
  • Spawn Location: 6:00

VOD

Have the link to the VOD?

Description

Time

  • Played on: April 16, 2018, 8:59 p.m.
  • Length: 2:58
Show
View Real Time Build Order
Export as new Build Order

Tinfoil Zerg 

Build Orders: Pool Only 

Get SALT Encoding   

  12  0:02  Drone  
  13  0:11  Drone  
  14  0:19  Extractor  
  14  0:20  Drone  
  14  0:34  Spawning Pool  
  13  0:38  Drone  
  14  0:48  Extractor, Drone  
  15  0:53  Overlord  
  15  1:22  Queen  
  15  1:23  Metabolic Boost  
  17  1:26  Zergling x2  
  17  1:27  Zergling x2  
  17  1:32  Zergling x2  
  20  1:40  Zergling x2  
  21  1:47  Baneling Nest  
  20  1:56  Zergling x2  
  21  2:01  Overlord  
  21  2:18  Zergling x2  
  21  2:23  Zergling x2  
  21  2:33  Zergling x8  
  25  2:40  Baneling x3  
Show
View Real Time Build Order
Export as new Build Order

ShinySalt Protoss 

Build Orders: Dark Templar Rush 

Get SALT Encoding   

  12  0:01  Probe  
  13  0:13  Probe  
  14  0:20  Pylon  
  14  0:25  Probe  
  15  0:38  Probe, Gateway  
  16  0:46  Assimilator  
  16  0:50  Probe  
  16  0:52  Assimilator  
  17  1:02  Probe  
  18  1:14  Probe  
  18  1:15  Gateway  
  19  1:26  Cybernetics Core  
  19  1:30  Probe  
  20  1:39  Pylon  
  20  1:43  Probe  
  21  1:55  Probe  
  22  2:03  Adept (Chrono Boost)  
  22  2:05  Stalker (Chrono Boost)  
  26  2:15  Twilight Council  
  26  2:23  Stalker (Chrono Boost)  
  30  2:46  Pylon  
  31  2:57  Dark Shrine  
Show
View Real Time Build Order
Export as new Build Order

XADOSX Zerg 

Build Orders: Pool Only 

Get SALT Encoding   

  12  0:14  Drone x2  
  14  0:18  Extractor  
  14  0:21  Drone  
  14  0:39  Spawning Pool  
  13  0:44  Overlord  
  13  0:49  Drone  
  14  0:54  Extractor  
  14  0:55  Drone  
  15  1:04  Drone  
  16  1:17  Extractor  
  15  1:29  Zergling x4  
  15  1:31  Metabolic Boost  
  17  1:39  Zergling x2  
  18  1:43  Zergling x2  
  18  1:45  Queen  
  21  1:54  Overlord  
  21  2:04  Zergling x2  
  22  2:13  Zergling x2  
  23  2:27  Zergling x2  
Show
View Real Time Build Order
Export as new Build Order

KingZoot Zerg 

Build Orders: Hatch First 

Get SALT Encoding   

  12  0:02  Drone  
  13  0:18  Drone  
  14  0:28  Extractor  
  13  0:32  Extractor  
  13  0:33  Drone  
  13  0:34  Drone  
  16  1:05  Hatchery  
  16  1:11  Overlord  
  15  1:26  Spawning Pool  
  15  1:28  Extractor  
  13  1:33  Drone x3  
  16  1:52  Overlord  
  16  2:02  Extractor  
  15  2:16  Zergling x4  
  17  2:24  Zergling x4  
Show
View Real Time Build Order
Export as new Build Order

morgana Terran 

Build Orders: Command Center First (CC) 

Get SALT Encoding   

  12  0:01  SCV  
  13  0:13  SCV  
  14  0:39  SCV  
  15  0:43  Supply Depot  
  15  0:55  Supply Depot  
  15  1:04  SCV  
  15  1:08  Command Center  
  16  1:16  SCV  
  17  1:41  Barracks  
  17  1:43  Barracks  
  17  1:44  SCV  
  18  1:49  Barracks  
  18  1:58  SCV  
  19  2:05  Refinery  
  19  2:10  SCV  
  20  2:22  SCV  
  20  2:24  Barracks  
  20  2:29  Marine  
  22  2:30  Marine  
  23  2:38  Bunker  
  23  2:39  Marine  
Show
View Real Time Build Order
Export as new Build Order

Omnikinred Zerg 

Build Orders: Hatch First 

Get SALT Encoding   

  12  0:02  Drone  
  13  0:15  Overlord  
  13  0:22  Drone  
  14  0:34  Drone x2  
  16  0:37  Drone  
  17  1:02  Hatchery  
  16  1:05  Drone  
  16  1:07  Extractor  
  16  1:15  Spawning Pool  
  15  1:27  Drone x2  
  15  1:28  Drone  
  18  1:43  Drone  
  19  1:49  Overlord  
  19  2:01  Queen  
  19  2:02  Zergling x2  
  22  2:13  Spine Crawler, Zergling x2  
  22  2:21  Zergling x2  
  24  2:22  Zergling x2  
  24  2:26  Zergling x2  
  25  2:41  Zergling x4  
Show
View Real Time Build Order
Export as new Build Order

JaySlays Protoss 

Build Orders: 1 Gate Expand 

Get SALT Encoding   

  12  0:01  Probe  
  13  0:13  Probe  
  14  0:19  Pylon  
  14  0:25  Probe  
  15  0:38  Probe  
  15  0:40  Gateway  
  16  0:46  Assimilator  
  16  0:50  Probe  
  17  1:02  Probe  
  18  1:14  Probe  
  19  1:26  Probe  
  19  1:31  Nexus  
  20  1:40  Pylon  
  20  1:49  Cybernetics Core  
  20  1:53  Probe  
  21  1:58  Zealot (Chrono Boost)  
  23  2:05  Probe  
  24  2:12  Assimilator  
  24  2:18  Zealot (Chrono Boost)  
  26  2:36  Gateway  
  26  2:50  Gateway  
Show
View Real Time Build Order
Export as new Build Order

Wolf Protoss 

Build Orders:  

Get SALT Encoding   

  12  0:01  Probe  
  13  0:13  Probe  
  14  0:19  Pylon  
  14  0:25  Probe  
  15  0:37  Probe  
  15  0:41  Gateway  
  16  0:48  Assimilator  
  16  0:50  Probe (Chrono Boost)  
  17  1:00  Probe (Chrono Boost)  
  18  1:04  Probe (Chrono Boost)  
  19  1:16  Probe, Gateway  
  20  1:28  Probe  
  20  1:29  Cybernetics Core  
  21  1:55  Nexus  
  21  2:04  Pylon  
  21  2:05  Probe  
  9  2:36  Probe, Pylon  
Tags
 
Add a new tag
Caveats
  • Supply blocks, unpowered buildings, or Contaminate may cause inaccurate times.
  • Supply counts are checked every 10 seconds.